Blue Jackets vs Flames

Created - December 14, 2021 at 20:13

Goals
1 2 3 T
Blue Jackets 0 1 1 2
Flames 3 0 0 3
Shots
1 2 3 T
Blue Jackets 9 7 16 32
Flames 17 11 8 36

1st period

1. Flames , Erik Johnson 2 (Brad Marchand 2, Jimmy Hayes 2) at 0:38
2. Flames , Colin Wilson 2 (Esa Lindell 2, Bryan Rust 3) at 2:56
3. Flames , Eric Staal 1 (Erik Johnson 5) at 10:13 (PP)

Penalties :
Ryan Wilson (Clb) for Tripping (Minor) at 9:59, Rob Scuderi (Clb) for Holding (Minor) at 12:32

2nd period

4. Blue Jackets , Tyler Seguin 4 (Mike Lundin 7, Artemi Panarin 3) at 3:01 (PP)

Penalties :
Alexander Semin (Cal) for Tripping (Minor) at 2:51, Tyler Kennedy (Clb) for Holding (Minor) at 8:04, Colby Robak (Cal) for Interference (Minor) at 19:44

3rd period

5. Blue Jackets , Brandon Bollig 2 (Cam Fowler 5, Devin Setoguchi 1) at 3:44

Penalties :
Rob Scuderi (Clb) for Goalie Interference (Minor) at 10:27

Goalie Stats

Rick DiPietro (Clb), 33 saves from 36 shots - (0.917), L, 2-2-1, 59:12 minutes
Henrik Lundqvist (Cal), 30 saves from 32 shots - (0.938), W, 2-1-1, 60:00 minutes

Players Stats for Blue Jackets

Player Name              G  A  P  +/- PIM S  H  SB GA TA FO     MP     PP MP  PK MP  
------------------------------------------------------------------------------------
Artemi Panarin           0  1  1   0  0   4  2  0  1  0  1/1    21:48   1:26   2:59 
Brandon Bollig           1  0  1   1  0   4  3  0  0  0  1/1    14:08   0:00   1:36 
Cam Fowler               0  1  1   1  0   1  1  0  0  1  0/0    22:31   1:21   2:51 
Cody Hodgson             0  0  0  -2  0   2  1  0  1  2  6/18   19:10   0:43   1:36 
Dennis Wideman           0  0  0   0  0   0  0  0  0  0  0/0    11:31   0:00   0:00 
Devin Setoguchi          0  1  1   1  0   1  2  2  1  0  0/0    11:45   0:00   0:00 
Emerson Etem             0  0  0   0  0   0  0  0  0  1  0/0     8:04   0:00   1:36 
Eric Wellwood            0  0  0  -2  0   4  1  0  1  0  0/0    17:07   0:43   0:00 
Martin Havlat            0  0  0   0  0   0  0  0  0  0  0/0     5:32   0:00   0:00 
Max Pacioretty           0  0  0  -2  0   2  2  0  0  1  1/1    18:42   0:43   1:36 
Mike Lundin              0  1  1   1  0   2  1  1  1  0  0/0    27:24   1:21   2:51 
Nick Leddy               0  0  0  -2  0   0  0  5  0  1  0/0    21:05   0:48   3:20 
Pavel Datsyuk            0  0  0   1  0   3  0  0  0  0  2/3    12:58   0:00   0:00 
Rob Scuderi              0  0  0  -2  4   0  1  2  0  1  0/0    17:59   0:48   1:02 
Ryan Wilson              0  0  0   0  2   1  1  0  0  1  0/0    14:07   0:00   1:42 
Shea Theodore            0  0  0   0  0   0  1  1  0  0  0/0     5:47   0:00   0:36 
Tyler Kennedy            0  0  0   0  2   2  2  0  1  1  2/4    18:29   1:26   0:00 
Tyler Seguin             1  0  1   0  0   6  2  1  0  0  22/28  25:38   1:26   2:59 

Players Stats for Flames

Player Name              G  A  P  +/- PIM S  H  SB GA TA FO     MP     PP MP  PK MP  
------------------------------------------------------------------------------------
Alexander Semin          0  0  0  -1  2   1  0  1  0  1  1/3    21:16   3:53   0:36 
Anders Lee               0  0  0   0  0   1  0  0  0  0  0/2     8:38   0:18   0:00 
Brad Marchand            0  1  1   1  0   4  2  0  1  0  0/0    16:41   2:03   0:00 
Bryan Rust               0  1  1   1  0   1  1  0  0  0  0/0    12:09   0:15   0:00 
Christian Folin          0  0  0   1  0   0  2  0  0  1  0/0    12:46   0:00   0:35 
Colby Robak              0  0  0  -1  2   0  1  0  2  0  0/0    20:39   4:03   0:10 
Colin Wilson             1  0  1   1  0   2  0  0  0  0  2/9    12:12   0:18   0:00 
David Backes             0  0  0  -1  0   1  0  0  0  0  0/1    21:46   3:50   1:33 
David Savard             0  0  0  -1  0   0  0  0  0  1  0/0    20:50   4:03   0:45 
David Ullstrom           0  0  0   0  0   1  3  0  0  0  0/0     8:20   0:00   0:00 
Eric Staal               1  0  1  -1  0   4  1  0  1  0  14/30  21:46   3:50   1:33 
Erik Johnson             1  1  2   1  0   6  4  2  1  2  0/0    26:59   2:08   1:24 
Esa Lindell              0  1  1   1  0   1  0  1  0  1  0/0    12:11   0:00   0:00 
Jimmy Hayes              0  1  1   1  0   5  4  0  1  0  2/2    16:41   2:03   0:00 
Kyle Palmieri            0  0  0   0  0   2  1  0  1  0  0/0     8:20   0:00   0:00 
Patrik Berglund          0  0  0   1  0   1  1  0  0  0  2/9    16:59   2:03   0:18 
Sami Vatanen             0  0  0   1  0   5  0  1  2  0  0/0    26:59   2:08   1:24 
Tanner Pearson           0  0  0   1  0   1  2  0  0  0  0/0    12:37   0:00   0:18 

3 Stars

1 - Erik Johnson (Cal)
2 - Brandon Bollig (Clb)
3 - Colin Wilson (Cal)

Power Play

Blue Jackets - 1 on 2 Attempt(s) - 50.00%
Flames - 1 on 4 Attempt(s) - 25.00%

Penalty Kill

Blue Jackets - 3 on 4 Attempt(s) - 75.00% - Score 0 goal in Penalty Kill
Flames - 1 on 2 Attempt(s) - 50.00% - Score 0 goal in Penalty Kill

Team Stat

Blue Jackets - Hits : 20 - Faceoff Wins : 35 - Blocked Shots : 12 - Penalty Minutes : 8
Flames - Hits : 22 - Faceoff Wins : 21 - Blocked Shots : 5 - Penalty Minutes : 4

Official

Referees : Garrett Rank and Dan Kelly
Linesman : Travis Gawryletz and Derek Nansen

Game Notes

No Game Note

Finance

Level 1 -- Attendance: 6000 (100.00%) -- Ticket Income $600,000
Level 2 -- Attendance: 4803 (96.06%) -- Ticket Income $288,180
Level 3 -- Attendance: 1885 (94.25%) -- Ticket Income $65,975
Level 4 -- Attendance: 3657 (91.43%) -- Ticket Income $91,425
Luxury Box -- Attendance: 1000 (100.00%) -- Ticket Income $200,000
Game was played at the Scotiabank Saddledome.
Total Attendance: 17345 (96.36%)
Total Ticket Income: $1,245,580
Other Income: $186,837
Total Income: $1,432,417

Blue Jackets

5 vs 5 Forward 
   Center                   Left Wing                Right Wing               Time % Phy DF OF 
 1 Tyler Seguin             Artemi Panarin           Tyler Kennedy            40     1   2  2  
 2 Cody Hodgson             Max Pacioretty           Eric Wellwood            30     1   2  2  
 3 Pavel Datsyuk            Brandon Bollig           Devin Setoguchi          20     1   2  2  
 4 Tyler Seguin             Emerson Etem             Martin Havlat            10     1   2  2  

5 vs 5 Defense 
   Defense                  Defense                                           Time % Phy DF OF 
 1 Mike Lundin              Cam Fowler                                        40     1   2  2  
 2 Nick Leddy               Rob Scuderi                                       30     1   2  2  
 3 Dennis Wideman           Ryan Wilson                                       20     1   2  2  
 4 Shea Theodore            Mike Lundin                                       10     1   2  2  

PowerPlay Forward 
   Center                   Left Wing                Right Wing               Time % Phy DF OF 
 1 Tyler Seguin             Artemi Panarin           Tyler Kennedy            60     1   2  2  
 2 Cody Hodgson             Max Pacioretty           Eric Wellwood            40     1   2  2  

PowerPlay Defense
   Defense                  Defense                                           Time % Phy DF OF 
 1 Mike Lundin              Cam Fowler                                        60     1   2  2  
 2 Nick Leddy               Rob Scuderi                                       40     1   2  2  

Penalty Kill 4 Players Forward 
   Center                   Wing                     Time % Phy DF OF 
 1 Tyler Seguin             Artemi Panarin           60     1   2  2  
 2 Cody Hodgson             Max Pacioretty           40     1   2  2  

Penalty Kill 4 Players Defense
   Defense                  Defense                  Time % Phy DF OF 
 1 Mike Lundin              Cam Fowler               60     1   2  2  
 2 Nick Leddy               Rob Scuderi              40     1   2  2  

Penalty Kill - 3 Players Forward 
   Forward                                           Time % Phy DF OF 
 1 Tyler Seguin                                      60     1   2  2  
 2 Artemi Panarin                                    40     1   2  2  

Penalty Kill - 3 Players Defense
   Defense                  Defense                  Time % Phy DF OF 
 1 Mike Lundin              Cam Fowler               60     1   2  2  
 2 Nick Leddy               Rob Scuderi              40     1   2  2  

4 vs 4 Forward 
   Center                   Wing                     Time % Phy DF OF 
 1 Tyler Seguin             Artemi Panarin           60     1   2  2  
 2 Cody Hodgson             Max Pacioretty           40     1   2  2  

4 vs 4 Defense
   Defense                  Defense                  Time % Phy DF OF 
 1 Mike Lundin              Cam Fowler               60     1   2  2  
 2 Nick Leddy               Rob Scuderi              40     1   2  2  

Last Minutes Offensive
   Center                   Left Wing                Right Wing               Defense                  Defense                  
   Tyler Seguin             Artemi Panarin           Tyler Kennedy            Mike Lundin              Cam Fowler               

Last Minutes Defensive
   Center                   Left Wing                Right Wing               Defense                  Defense                  
   Tyler Seguin             Artemi Panarin           Tyler Kennedy            Mike Lundin              Cam Fowler               

Goaltenders
Starting : Rick DiPietro            
Backup : Andrei Vasilevskiy       

Extra Forwards
Normal : Pavel Datsyuk, Devin Setoguchi, Brandon Bollig - PP : Pavel Datsyuk, Devin Setoguchi - PK : Brandon Bollig
Extra Defensemen
Normal : Dennis Wideman, Ryan Wilson, Shea Theodore - PP : Dennis Wideman - PK : Ryan Wilson, Shea Theodore
Penalty Shots
Tyler Seguin, Artemi Panarin, Cody Hodgson, Max Pacioretty, Pavel Datsyuk

Scratches
Andreas Nodl (Healthy)

Flames

5 vs 5 Forward 
   Center                   Left Wing                Right Wing               Time % Phy DF OF 
 1 Eric Staal               Alexander Semin          David Backes             40     1   2  2  
 2 Patrik Berglund          Brad Marchand            Jimmy Hayes              30     1   2  2  
 3 Colin Wilson             Tanner Pearson           Bryan Rust               20     1   2  2  
 4 Anders Lee               David Ullstrom           Kyle Palmieri            10     1   2  2  

5 vs 5 Defense 
   Defense                  Defense                                           Time % Phy DF OF 
 1 Erik Johnson             Sami Vatanen                                      40     1   2  2  
 2 Colby Robak              David Savard                                      30     1   2  2  
 3 Esa Lindell              Christian Folin                                   20     1   2  2  
 4 Erik Johnson             Sami Vatanen                                      10     1   2  2  

PowerPlay Forward 
   Center                   Left Wing                Right Wing               Time % Phy DF OF 
 1 Eric Staal               Alexander Semin          David Backes             60     1   2  2  
 2 Patrik Berglund          Brad Marchand            Jimmy Hayes              40     1   2  2  

PowerPlay Defense
   Defense                  Defense                                           Time % Phy DF OF 
 1 Erik Johnson             Sami Vatanen                                      60     1   2  2  
 2 Colby Robak              David Savard                                      40     1   2  2  

Penalty Kill 4 Players Forward 
   Center                   Wing                     Time % Phy DF OF 
 1 Eric Staal               David Backes             60     1   2  2  
 2 Alexander Semin          Patrik Berglund          40     1   2  2  

Penalty Kill 4 Players Defense
   Defense                  Defense                  Time % Phy DF OF 
 1 Erik Johnson             Sami Vatanen             60     1   2  2  
 2 Colby Robak              David Savard             40     1   2  2  

Penalty Kill - 3 Players Forward 
   Forward                                           Time % Phy DF OF 
 1 Eric Staal                                        60     1   2  2  
 2 David Backes                                      40     1   2  2  

Penalty Kill - 3 Players Defense
   Defense                  Defense                  Time % Phy DF OF 
 1 Erik Johnson             Sami Vatanen             60     1   2  2  
 2 Colby Robak              David Savard             40     1   2  2  

4 vs 4 Forward 
   Center                   Wing                     Time % Phy DF OF 
 1 Eric Staal               David Backes             60     1   2  2  
 2 Alexander Semin          Patrik Berglund          40     1   2  2  

4 vs 4 Defense
   Defense                  Defense                  Time % Phy DF OF 
 1 Erik Johnson             Sami Vatanen             60     1   2  2  
 2 Colby Robak              David Savard             40     1   2  2  

Last Minutes Offensive
   Center                   Left Wing                Right Wing               Defense                  Defense                  
   Eric Staal               Alexander Semin          David Backes             Erik Johnson             Sami Vatanen             

Last Minutes Defensive
   Center                   Left Wing                Right Wing               Defense                  Defense                  
   Eric Staal               Alexander Semin          David Backes             Erik Johnson             Sami Vatanen             

Goaltenders
Starting : Henrik Lundqvist         
Backup : Christopher Gibson       

Extra Forwards
Normal : Colin Wilson, Anders Lee, Tanner Pearson - PP : Colin Wilson, Anders Lee - PK : Tanner Pearson
Extra Defensemen
Normal : Esa Lindell, Christian Folin, Colby Robak - PP : Esa Lindell - PK : Christian Folin, Colby Robak
Penalty Shots
Eric Staal, David Backes, Alexander Semin, Patrik Berglund, Brad Marchand

Scratches
Brendan Mikkelson (Healthy), Vladimir Sobotka (Healthy)

% Time on Ice - Blue Jackets

Lines # - Real PCT - Wanted PCT - Time Play
Normal Forward
1 - 35% - 40% - 18:02
2 - 33% - 30% - 16:38
3 - 21% - 20% - 10:53
4 - 11% - 10% - 5:32
Normal Defense
1 - 34% - 40% - 17:26
2 - 33% - 30% - 16:57
3 - 23% - 20% - 11:31
4 - 10% - 10% - 5:11
PP Forward
1 - 67% - 60% - 1:26
2 - 33% - 40% - 0:43
PP Defense
1 - 63% - 60% - 1:21
2 - 37% - 40% - 0:48
PK Forward
1 - 78% - 60% - 4:49
2 - 22% - 40% - 1:22
PK Defense
1 - 46% - 60% - 2:51
2 - 54% - 40% - 3:20
PK3 Forward
1 - 0% - 60%
2 - 0% - 40%
PK3 Defense
1 - 0% - 60%
2 - 0% - 40%
44 Forward
1 - 0% - 60%
2 - 0% - 40%
44 Defense
1 - 0% - 60%
2 - 0% - 40%
Last Minute Offensive  - 0:35
Last Minute Defensive  - 0:00
Total
Forward - 60:00
Defense - 60:00

% Time on Ice - Flames

Lines # - Real PCT - Wanted PCT - Time Play
Normal Forward
1 - 32% - 40% - 16:13
2 - 29% - 30% - 14:38
3 - 23% - 20% - 11:54
4 - 16% - 10% - 8:20
Normal Defense
1 - 39% - 40% - 20:10
2 - 31% - 30% - 16:02
3 - 24% - 20% - 12:11
4 - 5% - 10% - 2:42
PP Forward
1 - 67% - 60% - 4:08
2 - 33% - 40% - 2:03
PP Defense
1 - 35% - 60% - 2:08
2 - 65% - 40% - 4:03
PK Forward
1 - 86% - 60% - 1:51
2 - 14% - 40% - 0:18
PK Defense
1 - 65% - 60% - 1:24
2 - 35% - 40% - 0:45
PK3 Forward
1 - 0% - 60%
2 - 0% - 40%
PK3 Defense
1 - 0% - 60%
2 - 0% - 40%
44 Forward
1 - 0% - 60%
2 - 0% - 40%
44 Defense
1 - 0% - 60%
2 - 0% - 40%
Last Minute Offensive  - 0:00
Last Minute Defensive  - 0:35
Total
Forward - 60:00
Defense - 60:00

Play-by-Play

1st period


0:01 of 1st period - Alexander Semin wins face-off versus Tyler Seguin in neutral zone.
0:06 of 1st period - Slapshot by Eric Staal.
0:06 of 1st period - Shot Misses the Net.
0:12 of 1st period - Erik Johnson is hit by Tyler Seguin and loses puck.
0:34 of 1st period - Snap shot by Brad Marchand.
0:34 of 1st period - Shot Blocked by Nick Leddy.
0:36 of 1st period - Snap shot by Brad Marchand.
0:36 of 1st period - Shot Misses the Net.
0:38 of 1st period - Wrist shot by Erik Johnson.
0:38 of 1st period - Goal by Erik Johnson - Blue Jackets : 0 - Flames : 1.
0:39 of 1st period - Pavel Datsyuk wins face-off versus Colin Wilson in neutral zone.
0:54 of 1st period - Wrist shot by Pavel Datsyuk.
0:54 of 1st period - Stopped by Henrik Lundqvist with a rebound.
1:04 of 1st period - Emerson Etem is hit by David Ullstrom.
1:34 of 1st period - Backhand shot by Cody Hodgson.
1:34 of 1st period - Stopped by Henrik Lundqvist with a rebound.
1:49 of 1st period - Slapshot by Tyler Seguin.
1:49 of 1st period - Stopped by Henrik Lundqvist without a rebound.
1:50 of 1st period - Eric Staal wins face-off versus Pavel Datsyuk in Flames zone.
2:38 of 1st period - Snap shot by Erik Johnson.
2:38 of 1st period - Deflect By Tanner Pearson.
2:38 of 1st period - Shot Blocked by Nick Leddy.
2:38 of 1st period - Puck is out of play.
2:39 of 1st period - Cody Hodgson wins face-off versus Colin Wilson in Blue Jackets zone.
2:50 of 1st period - Snap shot by Tanner Pearson.
2:50 of 1st period - Shot Misses the Net.
2:52 of 1st period - Slapshot by Bryan Rust.
2:52 of 1st period - Shot Blocked by Rob Scuderi.
2:56 of 1st period - Backhand shot by Colin Wilson.
2:56 of 1st period - Goal by Colin Wilson - Blue Jackets : 0 - Flames : 2.
2:57 of 1st period - Tyler Seguin wins face-off versus Eric Staal in neutral zone.
2:59 of 1st period - Off-side.
3:00 of 1st period - Eric Staal wins face-off versus Tyler Seguin in neutral zone.
3:09 of 1st period - Slapshot by Alexander Semin.
3:09 of 1st period - Shot Misses the Net.
3:11 of 1st period - Wrist shot by Sami Vatanen.
3:11 of 1st period - Stopped by Rick DiPietro with a rebound.
3:13 of 1st period - Snap shot by Alexander Semin.
3:13 of 1st period - Stopped by Rick DiPietro without a rebound.
3:14 of 1st period - Tyler Seguin wins face-off versus Patrik Berglund in Blue Jackets zone.
3:25 of 1st period - Snap shot by Artemi Panarin.
3:25 of 1st period - Stopped by Henrik Lundqvist with a rebound.
3:27 of 1st period - Slapshot by Mike Lundin.
3:27 of 1st period - Deflect By Sami Vatanen.
3:27 of 1st period - Stopped by Henrik Lundqvist with a rebound.
3:29 of 1st period - Slapshot by Cam Fowler.
3:29 of 1st period - Shot Misses the Net.
3:39 of 1st period - Wrist shot by Brandon Bollig.
3:39 of 1st period - Stopped by Henrik Lundqvist with a rebound.
3:49 of 1st period - Wrist shot by Eric Staal.
3:49 of 1st period - Shot Blocked by Nick Leddy.
3:51 of 1st period - Slapshot by Erik Johnson.
3:51 of 1st period - Stopped by Rick DiPietro with a rebound.
4:46 of 1st period - Slapshot by Patrik Berglund.
4:46 of 1st period - Shot Blocked by Nick Leddy.
5:02 of 1st period - Wrist shot by Pavel Datsyuk.
5:02 of 1st period - Stopped by Henrik Lundqvist without a rebound.
5:03 of 1st period - Eric Staal wins face-off versus Cody Hodgson in Flames zone.
5:20 of 1st period - Slapshot by Eric Staal.
5:20 of 1st period - Stopped by Rick DiPietro without a rebound.
5:21 of 1st period - Tyler Seguin wins face-off versus Patrik Berglund in Blue Jackets zone.
5:21 of 1st period - Tyler Seguin is hit by Brad Marchand.
5:28 of 1st period - Off-side.
5:29 of 1st period - Tyler Seguin wins face-off versus Patrik Berglund in neutral zone.
5:34 of 1st period - Slapshot by Tyler Kennedy.
5:34 of 1st period - Stopped by Henrik Lundqvist without a rebound.
5:35 of 1st period - Tyler Seguin wins face-off versus Eric Staal in Flames zone.
6:15 of 1st period - Eric Wellwood is hit by Erik Johnson and loses puck.
6:51 of 1st period - Ryan Wilson is hit by David Ullstrom and loses puck.
7:32 of 1st period - Backhand shot by Patrik Berglund.
7:32 of 1st period - Stopped by Rick DiPietro with a rebound.
7:34 of 1st period - Snap shot by Jimmy Hayes.
7:34 of 1st period - Stopped by Rick DiPietro without a rebound.
7:35 of 1st period - Cody Hodgson wins face-off versus Colin Wilson in Blue Jackets zone.
8:02 of 1st period - Erik Johnson is hit by Devin Setoguchi and loses puck.
9:59 of 1st period - Minor Penalty to Ryan Wilson for Tripping.
10:00 of 1st period - Tyler Seguin wins face-off versus Alexander Semin in Blue Jackets zone.
10:08 of 1st period - Artemi Panarin is hit by Erik Johnson and loses puck.
10:13 of 1st period - Wrist shot by Eric Staal.
10:13 of 1st period - Goal by Eric Staal - Blue Jackets : 0 - Flames : 3.
10:14 of 1st period - Tyler Seguin wins face-off versus Eric Staal in neutral zone.
10:21 of 1st period - Snap shot by Artemi Panarin.
10:21 of 1st period - Deflect By Tyler Seguin.
10:21 of 1st period - Shot Blocked by Sami Vatanen.
10:21 of 1st period - Puck is out of play.
10:22 of 1st period - Eric Staal wins face-off versus Tyler Seguin in Flames zone.
10:22 of 1st period - Eric Staal is hit by Tyler Kennedy.
12:08 of 1st period - Snap shot by Eric Staal.
12:08 of 1st period - Shot Blocked by Tyler Seguin.
12:10 of 1st period - Slapshot by Sami Vatanen.
12:10 of 1st period - Stopped by Rick DiPietro without a rebound.
12:11 of 1st period - Jimmy Hayes wins face-off versus Cody Hodgson in Blue Jackets zone.
12:24 of 1st period - Snap shot by Brad Marchand.
12:24 of 1st period - Stopped by Rick DiPietro with a rebound.
12:26 of 1st period - Snap shot by Jimmy Hayes.
12:26 of 1st period - Shot Misses the Net.
12:32 of 1st period - Minor Penalty to Rob Scuderi for Holding.
12:33 of 1st period - Jimmy Hayes wins face-off versus Cody Hodgson in Blue Jackets zone.
13:19 of 1st period - Brandon Bollig is hit by Jimmy Hayes and loses puck.
13:39 of 1st period - Slapshot by Erik Johnson.
13:39 of 1st period - Stopped by Rick DiPietro with a rebound.
13:41 of 1st period - Slapshot by Sami Vatanen.
13:41 of 1st period - Deflect By Anders Lee.
13:41 of 1st period - Shot Blocked by Shea Theodore.
13:41 of 1st period - Puck is out of play.
13:42 of 1st period - Tyler Seguin wins face-off versus Alexander Semin in Blue Jackets zone.
14:09 of 1st period - Jimmy Hayes is hit by Max Pacioretty and loses puck.
14:17 of 1st period - Icing by Colby Robak.
14:18 of 1st period - Tyler Seguin wins face-off versus Eric Staal in Flames zone.
14:32 of 1st period - Penalty to Rob Scuderi is over, Rob Scuderi is back on ice.
14:45 of 1st period - Wrist shot by Bryan Rust.
14:45 of 1st period - Stopped by Rick DiPietro with a rebound.
14:47 of 1st period - Slapshot by Esa Lindell.
14:47 of 1st period - Stopped by Rick DiPietro without a rebound.
14:48 of 1st period - Colin Wilson wins face-off versus Cody Hodgson in Blue Jackets zone.
15:26 of 1st period - Alexander Semin is hit by Brandon Bollig and loses puck.
15:46 of 1st period - David Savard is hit by Tyler Kennedy and loses puck.
16:45 of 1st period - Snap shot by David Backes.
16:45 of 1st period - Shot Misses the Net.
16:47 of 1st period - Wrist shot by Eric Staal.
16:47 of 1st period - Stopped by Rick DiPietro with a rebound.
16:49 of 1st period - Snap shot by David Backes.
16:49 of 1st period - Shot Misses the Net.
16:59 of 1st period - Cody Hodgson is hit by Jimmy Hayes.
17:10 of 1st period - Icing by Mike Lundin.
17:11 of 1st period - Eric Staal wins face-off versus Cody Hodgson in Blue Jackets zone.
17:48 of 1st period - Wrist shot by Artemi Panarin.
17:48 of 1st period - Stopped by Henrik Lundqvist with a rebound.
18:22 of 1st period - Backhand shot by David Ullstrom.
18:22 of 1st period - Stopped by Rick DiPietro without a rebound.
18:23 of 1st period - Cody Hodgson wins face-off versus Anders Lee in Blue Jackets zone.
18:35 of 1st period - Snap shot by Cody Hodgson.
18:35 of 1st period - Deflect By David Ullstrom.
18:35 of 1st period - Shot Misses the Net.
18:35 of 1st period - Puck is out of play.
18:36 of 1st period - Eric Staal wins face-off versus Tyler Kennedy in Flames zone.
18:36 of 1st period - Eric Staal is hit by Artemi Panarin.
19:03 of 1st period - Eric Wellwood is hit by Patrik Berglund.
19:25 of 1st period - Snap shot by Anders Lee.
19:25 of 1st period - Shot Misses the Net.
19:31 of 1st period - Snap shot by Anders Lee.
19:31 of 1st period - Stopped by Rick DiPietro without a rebound.
19:32 of 1st period - Tyler Seguin wins face-off versus Eric Staal in Blue Jackets zone.
19:32 of 1st period - Tyler Seguin is hit by Erik Johnson.
Goals for this period are 0 for Blue Jackets vs 3 for Flames.
Shots for this period are 9 for Blue Jackets vs 17 for Flames.

2nd period


0:01 of 2nd period - Tyler Kennedy wins face-off versus Patrik Berglund in neutral zone.
2:49 of 2nd period - Snap shot by Pavel Datsyuk.
2:49 of 2nd period - Stopped by Henrik Lundqvist with a rebound.
2:51 of 2nd period - Minor Penalty to Alexander Semin for Tripping.
2:52 of 2nd period - Tyler Seguin wins face-off versus Eric Staal in Flames zone.
2:57 of 2nd period - Snap shot by Artemi Panarin.
2:57 of 2nd period - Deflect By Eric Staal.
2:57 of 2nd period - Stopped by Henrik Lundqvist with a rebound.
2:59 of 2nd period - Slapshot by Mike Lundin.
2:59 of 2nd period - Stopped by Henrik Lundqvist with a rebound.
3:01 of 2nd period - Snap shot by Tyler Seguin.
3:01 of 2nd period - Goal by Tyler Seguin - Blue Jackets : 1 - Flames : 3.
3:02 of 2nd period - Tyler Seguin wins face-off versus Patrik Berglund in neutral zone.
3:17 of 2nd period - Jimmy Hayes is hit by Tyler Seguin and loses puck.
3:39 of 2nd period - Slapshot by Brad Marchand.
3:39 of 2nd period - Stopped by Rick DiPietro with a rebound.
3:55 of 2nd period - Christian Folin is hit by Brandon Bollig and loses puck.
4:02 of 2nd period - Brad Marchand is hit by Brandon Bollig and loses puck.
4:13 of 2nd period - Wrist shot by Patrik Berglund.
4:13 of 2nd period - Shot Blocked by Devin Setoguchi.
4:15 of 2nd period - Wrist shot by Jimmy Hayes.
4:15 of 2nd period - Stopped by Rick DiPietro with a rebound.
4:17 of 2nd period - Snap shot by Brad Marchand.
4:17 of 2nd period - Shot Blocked by Mike Lundin.
4:19 of 2nd period - Backhand shot by Esa Lindell.
4:19 of 2nd period - Shot Blocked by Devin Setoguchi.
4:21 of 2nd period - Snap shot by Brad Marchand.
4:21 of 2nd period - Stopped by Rick DiPietro without a rebound.
4:22 of 2nd period - Tyler Seguin wins face-off versus Colin Wilson in Blue Jackets zone.
4:36 of 2nd period - Off-side.
4:37 of 2nd period - Tyler Seguin wins face-off versus Eric Staal in neutral zone.
4:39 of 2nd period - Off-side.
4:40 of 2nd period - Eric Staal wins face-off versus Tyler Seguin in neutral zone.
5:13 of 2nd period - Wrist shot by Kyle Palmieri.
5:13 of 2nd period - Shot Misses the Net.
5:15 of 2nd period - Slapshot by Anders Lee.
5:15 of 2nd period - Deflect By Kyle Palmieri.
5:15 of 2nd period - Stopped by Rick DiPietro without a rebound.
5:16 of 2nd period - Cody Hodgson wins face-off versus Colin Wilson in Blue Jackets zone.
5:43 of 2nd period - David Savard is hit by Mike Lundin and loses puck.
6:06 of 2nd period - Snap shot by Emerson Etem.
6:06 of 2nd period - Shot Blocked by Esa Lindell.
6:12 of 2nd period - Martin Havlat is hit by Jimmy Hayes.
6:24 of 2nd period - Snap shot by Kyle Palmieri.
6:24 of 2nd period - Stopped by Rick DiPietro with a rebound.
6:44 of 2nd period - Snap shot by Cody Hodgson.
6:44 of 2nd period - Stopped by Henrik Lundqvist without a rebound.
6:45 of 2nd period - Colin Wilson wins face-off versus Cody Hodgson in Flames zone.
6:45 of 2nd period - Colin Wilson is hit by Cody Hodgson.
7:07 of 2nd period - Slapshot by Sami Vatanen.
7:07 of 2nd period - Stopped by Rick DiPietro with a rebound.
7:09 of 2nd period - Snap shot by Bryan Rust.
7:09 of 2nd period - Shot Blocked by Nick Leddy.
7:11 of 2nd period - Slapshot by Erik Johnson.
7:11 of 2nd period - Stopped by Rick DiPietro with a rebound.
7:13 of 2nd period - Slapshot by Erik Johnson.
7:13 of 2nd period - Stopped by Rick DiPietro with a rebound.
7:53 of 2nd period - Snap shot by Colin Wilson.
7:53 of 2nd period - Shot Misses the Net.
7:55 of 2nd period - Slapshot by Sami Vatanen.
7:55 of 2nd period - Stopped by Rick DiPietro without a rebound.
7:56 of 2nd period - Eric Staal wins face-off versus Tyler Kennedy in Blue Jackets zone.
8:04 of 2nd period - Minor Penalty to Tyler Kennedy for Holding.
8:05 of 2nd period - Tyler Seguin wins face-off versus Eric Staal in Blue Jackets zone.
8:14 of 2nd period - Off-side.
8:15 of 2nd period - Tyler Seguin wins face-off versus Eric Staal in neutral zone.
10:04 of 2nd period - Penalty to Tyler Kennedy is over, Tyler Kennedy is back on ice.
10:59 of 2nd period - Snap shot by David Backes.
10:59 of 2nd period - Stopped by Rick DiPietro without a rebound.
11:00 of 2nd period - Cody Hodgson wins face-off versus Patrik Berglund in Blue Jackets zone.
11:00 of 2nd period - Cody Hodgson is hit by Erik Johnson.
11:26 of 2nd period - Tanner Pearson is hit by Artemi Panarin and loses puck.
11:35 of 2nd period - Pavel Datsyuk is hit by Bryan Rust and loses puck.
12:47 of 2nd period - Snap shot by Tyler Seguin.
12:47 of 2nd period - Stopped by Henrik Lundqvist with a rebound.
12:57 of 2nd period - Slapshot by Sami Vatanen.
12:57 of 2nd period - Deflect By Artemi Panarin.
12:57 of 2nd period - Stopped by Rick DiPietro with a rebound.
13:30 of 2nd period - Wrist shot by Max Pacioretty.
13:30 of 2nd period - Deflect By Cody Hodgson.
13:30 of 2nd period - Shot Misses the Net.
13:30 of 2nd period - Puck is out of play.
13:31 of 2nd period - Patrik Berglund wins face-off versus Cody Hodgson in Flames zone.
13:36 of 2nd period - Snap shot by Cody Hodgson.
13:36 of 2nd period - Shot Misses the Net.
14:50 of 2nd period - Slapshot by Emerson Etem.
14:50 of 2nd period - Shot Blocked by Erik Johnson.
14:52 of 2nd period - Wrist shot by Brandon Bollig.
14:52 of 2nd period - Stopped by Henrik Lundqvist with a rebound.
17:36 of 2nd period - Tyler Seguin is hit by Kyle Palmieri and loses puck.
17:57 of 2nd period - Eric Wellwood is hit by Tanner Pearson and loses puck.
18:35 of 2nd period - Shea Theodore is hit by David Ullstrom and loses puck.
18:48 of 2nd period - David Ullstrom is hit by Shea Theodore and loses puck.
19:44 of 2nd period - Minor Penalty to Colby Robak for Interference.
19:45 of 2nd period - Eric Staal wins face-off versus Tyler Seguin in Flames zone.
Goals for this period are 1 for Blue Jackets vs 0 for Flames.
Shots for this period are 7 for Blue Jackets vs 11 for Flames.

3rd period


0:01 of 3rd period - Eric Staal wins face-off versus Tyler Seguin in neutral zone.
0:34 of 3rd period - Off-side.
0:35 of 3rd period - Eric Staal wins face-off versus Cody Hodgson in neutral zone.
1:44 of 3rd period - Penalty to Colby Robak is over, Colby Robak is back on ice.
1:58 of 3rd period - Snap shot by Colby Robak.
1:58 of 3rd period - Shot Blocked by Rob Scuderi.
3:05 of 3rd period - Martin Havlat is hit by Tanner Pearson and loses puck.
3:31 of 3rd period - Artemi Panarin is hit by Brad Marchand and loses puck.
3:42 of 3rd period - Slapshot by Cam Fowler.
3:42 of 3rd period - Shot Misses the Net.
3:44 of 3rd period - Slapshot by Cam Fowler.
3:44 of 3rd period - Deflect By Brandon Bollig.
3:44 of 3rd period - Goal by Brandon Bollig - Blue Jackets : 2 - Flames : 3.
3:45 of 3rd period - Eric Staal wins face-off versus Cody Hodgson in neutral zone.
3:54 of 3rd period - Backhand shot by Eric Staal.
3:54 of 3rd period - Shot Misses the Net.
3:56 of 3rd period - Wrist shot by Erik Johnson.
3:56 of 3rd period - Stopped by Rick DiPietro without a rebound.
3:57 of 3rd period - Tyler Seguin wins face-off versus Eric Staal in Blue Jackets zone.
4:23 of 3rd period - Jimmy Hayes is hit by Eric Wellwood and loses puck.
5:50 of 3rd period - Snap shot by Cody Hodgson.
5:50 of 3rd period - Deflect By Tyler Seguin.
5:50 of 3rd period - Shot Misses the Net.
5:50 of 3rd period - Puck is out of play.
5:51 of 3rd period - Tyler Seguin wins face-off versus Patrik Berglund in Flames zone.
6:04 of 3rd period - Tyler Kennedy is hit by Christian Folin.
6:56 of 3rd period - Icing by Kyle Palmieri.
6:57 of 3rd period - Tyler Seguin wins face-off versus Anders Lee in Flames zone.
7:00 of 3rd period - Snap shot by Artemi Panarin.
7:00 of 3rd period - Shot Misses the Net.
7:08 of 3rd period - Snap shot by Tyler Seguin.
7:08 of 3rd period - Stopped by Henrik Lundqvist with a rebound.
7:13 of 3rd period - Off-side.
7:14 of 3rd period - Cody Hodgson wins face-off versus Eric Staal in neutral zone.
8:04 of 3rd period - Slapshot by Colin Wilson.
8:04 of 3rd period - Stopped by Rick DiPietro without a rebound.
8:05 of 3rd period - Pavel Datsyuk wins face-off versus Colin Wilson in Blue Jackets zone.
8:05 of 3rd period - Pavel Datsyuk is hit by Colby Robak.
8:21 of 3rd period - Snap shot by Brandon Bollig.
8:21 of 3rd period - Stopped by Henrik Lundqvist without a rebound.
8:22 of 3rd period - Tyler Seguin wins face-off versus Eric Staal in Flames zone.
8:25 of 3rd period - Snap shot by Tyler Kennedy.
8:25 of 3rd period - Shot Blocked by Alexander Semin.
8:49 of 3rd period - Erik Johnson is hit by Cam Fowler.
8:53 of 3rd period - Slapshot by Jimmy Hayes.
8:53 of 3rd period - Stopped by Rick DiPietro without a rebound.
8:54 of 3rd period - Patrik Berglund wins face-off versus Cody Hodgson in Blue Jackets zone.
9:03 of 3rd period - Wrist shot by Eric Wellwood.
9:03 of 3rd period - Stopped by Henrik Lundqvist with a rebound.
9:05 of 3rd period - Wrist shot by Eric Wellwood.
9:05 of 3rd period - Stopped by Henrik Lundqvist with a rebound.
9:07 of 3rd period - Wrist shot by Max Pacioretty.
9:07 of 3rd period - Stopped by Henrik Lundqvist with a rebound.
9:09 of 3rd period - Wrist shot by Ryan Wilson.
9:09 of 3rd period - Stopped by Henrik Lundqvist with a rebound.
9:11 of 3rd period - Wrist shot by Eric Wellwood.
9:11 of 3rd period - Stopped by Henrik Lundqvist without a rebound.
9:12 of 3rd period - Tyler Seguin wins face-off versus Eric Staal in Flames zone.
9:21 of 3rd period - Snap shot by Eric Staal.
9:21 of 3rd period - Stopped by Rick DiPietro with a rebound.
9:39 of 3rd period - Mike Lundin is hit by Jimmy Hayes and loses puck.
9:44 of 3rd period - Snap shot by Jimmy Hayes.
9:44 of 3rd period - Stopped by Rick DiPietro with a rebound.
9:46 of 3rd period - Slapshot by Jimmy Hayes.
9:46 of 3rd period - Stopped by Rick DiPietro without a rebound.
9:47 of 3rd period - Eric Staal wins face-off versus Cody Hodgson in Blue Jackets zone.
9:52 of 3rd period - Backhand shot by David Backes.
9:52 of 3rd period - Shot Misses the Net.
9:54 of 3rd period - Backhand shot by Colby Robak.
9:54 of 3rd period - Shot Misses the Net.
10:12 of 3rd period - Jimmy Hayes is hit by Rob Scuderi and loses puck.
10:27 of 3rd period - Minor Penalty to Rob Scuderi for Goalie Interference.
10:28 of 3rd period - Tyler Seguin wins face-off versus Eric Staal in Blue Jackets zone.
10:43 of 3rd period - Wrist shot by Artemi Panarin.
10:43 of 3rd period - Stopped by Henrik Lundqvist with a rebound.
10:45 of 3rd period - Slapshot by Cam Fowler.
10:45 of 3rd period - Stopped by Henrik Lundqvist with a rebound.
11:27 of 3rd period - Icing by Brad Marchand.
11:28 of 3rd period - Brandon Bollig wins face-off versus David Backes in Flames zone.
12:13 of 3rd period - Ryan Wilson is hit by Eric Staal and loses puck.
12:27 of 3rd period - Penalty to Rob Scuderi is over, Rob Scuderi is back on ice.
13:14 of 3rd period - Tyler Seguin is hit by Christian Folin and loses puck.
13:35 of 3rd period - Wrist shot by Eric Wellwood.
13:35 of 3rd period - Shot Misses the Net.
13:37 of 3rd period - Snap shot by Eric Wellwood.
13:37 of 3rd period - Stopped by Henrik Lundqvist without a rebound.
13:38 of 3rd period - Max Pacioretty wins face-off versus Colin Wilson in Flames zone.
13:43 of 3rd period - Snap shot by Max Pacioretty.
13:43 of 3rd period - Stopped by Henrik Lundqvist without a rebound.
13:44 of 3rd period - Tyler Kennedy wins face-off versus Eric Staal in Flames zone.
13:47 of 3rd period - Wrist shot by Tyler Seguin.
13:47 of 3rd period - Stopped by Henrik Lundqvist with a rebound.
14:16 of 3rd period - Wrist shot by Brad Marchand.
14:16 of 3rd period - Stopped by Rick DiPietro with a rebound.
14:29 of 3rd period - Erik Johnson is hit by Ryan Wilson.
16:27 of 3rd period - Snap shot by Devin Setoguchi.
16:27 of 3rd period - Stopped by Henrik Lundqvist without a rebound.
16:28 of 3rd period - Eric Staal wins face-off versus Cody Hodgson in Flames zone.
16:55 of 3rd period - Tanner Pearson is hit by Devin Setoguchi and loses puck.
17:39 of 3rd period - Erik Johnson is hit by Max Pacioretty.
18:43 of 3rd period - Wrist shot by Colin Wilson.
18:43 of 3rd period - Deflect By Tanner Pearson.
18:43 of 3rd period - Stopped by Rick DiPietro with a rebound.
19:12 of 3rd period - Blue Jackets, Rick DiPietro is pulled from the net.
19:12 of 3rd period - Snap shot by Tyler Kennedy.
19:12 of 3rd period - Stopped by Henrik Lundqvist with a rebound.
19:16 of 3rd period - Wrist shot by Tyler Seguin.
19:16 of 3rd period - Shot Misses the Net.
19:22 of 3rd period - Wrist shot by Tyler Seguin.
19:22 of 3rd period - Stopped by Henrik Lundqvist with a rebound.
19:24 of 3rd period - Wrist shot by Tyler Seguin.
19:24 of 3rd period - Deflect By Artemi Panarin.
19:24 of 3rd period - Shot Misses the Net.
19:24 of 3rd period - Puck is out of play.
19:25 of 3rd period - Bruce Boudreau call a timeout for Blue Jackets.
19:25 of 3rd period - Artemi Panarin wins face-off versus Eric Staal in Flames zone.
19:52 of 3rd period - Slapshot by Cam Fowler.
19:52 of 3rd period - Shot Blocked by Erik Johnson.
Goals for this period are 1 for Blue Jackets vs 0 for Flames.
Shots for this period are 16 for Blue Jackets vs 8 for Flames. Output by the SimonT Hockey Simulator (STHS) for Francois Prevost - Original Page W3C HTML5 Valid
Hockey Simulator - Hockey Simulation - Hockey Manager